Map: Through the Darkness

Players

Tesla - Winner!

  • Race: Protoss Protoss

verokken

  • Race: Zerg Zerg
  • League: Diamond

VOD

Have the link to the VOD?

Description

Time

  • Played on: Oct. 9, 2016, 2:23 p.m.
  • Length: 9:49
Show
View Real Time Build Order
Export as new Build Order

Tesla Protoss - Winner!

Build Orders:  

Get SALT Encoding   

  12  0:00  Probe (Chrono Boost)  
  13  0:11  Probe (Chrono Boost)  
  14  0:17  Pylon  
  14  0:22  Probe (Chrono Boost)  
  16  0:36  Probe (Chrono Boost)  
  16  0:40  Gateway  
  16  0:45  Assimilator  
  16  0:47  Probe (Chrono Boost)  
  17  0:57  Probe (Chrono Boost)  
  18  1:07  Pylon  
  18  1:08  Probe (Chrono Boost)  
  19  1:18  Probe (Chrono Boost)  
  20  1:27  Cybernetics Core  
  20  1:29  Probe (Chrono Boost)  
  22  1:40  Probe (Chrono Boost)  
  22  1:50  Probe (Chrono Boost)  
  22  1:51  Nexus  
  23  2:01  Probe (Chrono Boost)  
  24  2:02  Assimilator  
  24  2:11  Warp Gate  
  24  2:12  Mothership Core (Chrono Boost)  
  27  2:30  Probe (Chrono Boost)  
  27  2:37  Adept  
  27  2:38  Gateway  
  27  2:40  Gateway, Probe (Chrono Boost)  
  30  2:54  Probe (Chrono Boost)  
  31  3:00  Robotics Facility  
  31  3:04  Pylon  
  31  3:07  Probe (Chrono Boost)  
  31  3:09  Probe (Chrono Boost)  
  33  3:16  Adept  
  35  3:20  Probe (Chrono Boost)  
  36  3:27  Pylon  
  36  3:28  Probe (Chrono Boost)  
  37  3:34  Adept  
  37  3:37  Adept  
  42  3:41  Probe (Chrono Boost)  
  42  3:44  Probe (Chrono Boost)  
  42  3:47  Stalker  
  44  3:53  Observer  
  45  3:57  Probe (Chrono Boost)  
  45  3:58  Probe (Chrono Boost)  
  47  4:07  Probe (Chrono Boost)  
  49  4:10  Probe (Chrono Boost)  
  49  4:15  Immortal  
  49  4:16  Assimilator  
  53  4:18  Probe (Chrono Boost)  
  53  4:19  Assimilator  
  53  4:22  Probe (Chrono Boost)  
  53  4:23  Sentry x2  
  59  4:28  Probe (Chrono Boost)  
  59  4:30  Pylon  
  60  4:33  Pylon  
  60  4:37  Twilight Council  
  60  4:40  Pylon  
  60  4:44  Probe (Chrono Boost)  
  62  4:45  Probe (Chrono Boost)  
  62  4:49  Stalker  
  62  4:52  Adept  
  66  4:55  Adept  
  68  5:02  Gateway  
  68  5:05  Gateway  
  68  5:11  Warp Prism  
  71  5:15  Probe x2 (Chrono Boost)  
  71  5:17  Resonating Glaives  
  72  5:21  Pylon  
  72  5:27  Adept  
  72  5:28  Probe (Chrono Boost)  
  75  5:41  Probe (Chrono Boost)  
  75  5:42  Probe (Chrono Boost)  
  77  5:43  Stalker  
  77  5:46  Adept  
  77  5:48  Immortal  
  85  5:52  Forge  
  85  5:54  Pylon  
  85  5:59  Adept  
  87  6:08  Stalker x2  
  93  6:11  Probe (Chrono Boost)  
  93  6:12  Probe (Chrono Boost)  
  93  6:16  Pylon  
  93  6:19  Pylon  
  93  6:21  Pylon  
  93  6:29  Immortal  
  97  6:36  Adept x2  
  101  6:46  Stalker x3  
  101  6:58  Adept x2  
  75  7:10  Stalker x3  
  81  7:20  Stalker x2  
  85  7:34  Adept x3  
  85  7:35  Mothership Core (Chrono Boost)  
  89  7:44  Adept x2  
  81  7:48  Immortal  
  79  7:57  Adept x3  
  85  8:16  Adept x2  
  85  8:17  Adept  
  85  8:19  Adept x2  
  77  8:35  Immortal  
  77  8:40  Stalker x4  
  87  8:42  Sentry  
  79  9:05  Stalker x5  
  79  9:33  Adept x5  
Show
View Real Time Build Order
Export as new Build Order

verokken Zerg 

Build Orders: 3 Hatch before Pool 

Get SALT Encoding   

  12  0:01  Drone  
  13  0:12  Overlord  
  13  0:18  Drone  
  14  0:31  Drone x2  
  14  0:34  Drone  
  17  0:53  Hatchery  
  17  0:56  Drone  
  17  0:59  Drone  
  18  1:07  Drone  
  19  1:27  Hatchery  
  19  1:29  Drone  
  19  1:38  Spawning Pool  
  18  1:41  Drone  
  18  1:46  Extractor  
  18  1:47  Drone  
  20  2:01  Drone  
  20  2:14  Drone  
  21  2:17  Drone  
  22  2:25  Queen x2  
  22  2:26  Zergling x2  
  22  2:27  Zergling x2  
  22  2:29  Overlord  
  28  2:39  Drone x3  
  28  2:42  Drone  
  32  2:47  Drone  
  32  2:50  Metabolic Boost  
  33  2:53  Drone x2  
  33  2:58  Overlord  
  35  3:00  Drone  
  36  3:05  Queen  
  36  3:08  Drone  
  39  3:13  Drone  
  39  3:14  Drone  
  39  3:16  Drone x2  
  43  3:20  Drone  
  43  3:25  Overlord  
  43  3:26  Drone  
  45  3:35  Drone  
  45  3:36  Drone x3  
  45  3:38  Lair  
  49  3:41  Extractor  
  49  3:42  Extractor  
  47  3:53  Extractor  
  46  4:01  Queen  
  48  4:03  Baneling Nest  
  48  4:07  Drone x3  
  48  4:08  Overlord  
  48  4:09  Drone  
  52  4:10  Drone x3  
  52  4:11  Overlord  
  52  4:12  Drone x4  
  58  4:26  Spore Crawler  
  57  4:32  Spore Crawler  
  57  4:35  Drone x2  
  57  4:36  Drone x3  
  57  4:37  Overlord x2  
  61  4:43  Drone x2  
  61  4:44  Drone x4, Hydralisk Den  
  66  4:55  Queen  
  66  4:56  Overlord x2  
  66  4:58  Drone  
  66  4:59  Drone, Extractor  
  69  5:00  Drone  
  69  5:01  Drone, Extractor  
  69  5:05  Baneling  
  69  5:06  Centrifical Hooks  
  70  5:17  Drone x2  
  70  5:18  Drone x2  
  70  5:19  Overlord x2  
  74  5:21  Muscular Augments  
  74  5:38  Hatchery  
  74  5:41  Hydralisk x6  
  85  5:50  Hydralisk x3  
  85  5:51  Hydralisk  
  93  6:04  Hydralisk  
  93  6:05  Hydralisk x3  
  93  6:08  Zergling x10  
  93  6:09  Zergling x6  
  108  6:17  Baneling  
  108  6:18  Zergling x2  
  108  6:19  Zergling x4  
  111  6:25  Baneling x2  
  111  6:26  Baneling x5  
  111  6:28  Baneling x2  
  111  6:29  Baneling  
  111  6:30  Overlord x2  
  111  6:32  Zergling x8  
  115  6:33  Zergling x6  
  111  6:49  Zergling x2  
  111  6:50  Zergling x10  
  116  6:55  Hydralisk  
  116  6:56  Hydralisk  
  110  7:04  Zergling x6  
  110  7:07  Overseer  
  100  7:09  Queen  
  100  7:13  Baneling x4  
  100  7:15  Baneling x4  
  87  7:24  Zergling x2  
  87  7:25  Zergling x10  
  85  7:35  Zergling x8  
  72  7:46  Zergling x2  
  72  7:47  Zergling x12  
  67  7:52  Zergling x4  
  67  7:56  Hydralisk  
  70  8:00  Zergling x4  
  70  8:04  Baneling  
  70  8:05  Baneling x3  
  72  8:06  Hydralisk  
  65  8:20  Zergling x4  
  65  8:21  Zergling x12  
  65  8:24  Hydralisk x3  
  65  8:25  Hydralisk  
  76  8:30  Zergling x2  
  73  8:38  Hydralisk x5  
  68  8:43  Hydralisk x3  
  68  8:44  Hydralisk  
  52  9:00  Hydralisk x3  
  52  9:01  Hydralisk x2  
  37  9:19  Hydralisk x2  
Tags
 
Add a new tag
Caveats
  • Supply blocks, unpowered buildings, or Contaminate may cause inaccurate times.
  • Supply counts are checked every 10 seconds.